Map: Données C

Players

ShaDoWn

  • Race: Protoss Protoss
  • Spawn Location: 9:00

Gerald - Winner!

  • Race: Protoss Protoss
  • Spawn Location: 3:00

Event: DreamHack SC2 Masters 2022 Atlanta (Offline)

VOD

Have the link to the VOD?

Description

Time

  • Played on: Nov. 18, 2022, 11:11 a.m.
  • Length: 23:48

All games in this series

Show
View Real Time Build Order
Export as new Build Order

ShaDoWn Protoss 

Build Orders: Oracle Opening, Blink Stalkers, Carriers 

Get SALT Encoding   

  12  0:00  Probe  
  13  0:12  Probe  
  14  0:19  Pylon  
  14  0:24  Probe  
  15  0:37  Probe (Chrono Boost)  
  15  0:39  Gateway  
  16  0:47  Probe (Chrono Boost), Assimilator  
  17  0:52  Probe (Chrono Boost)  
  18  1:04  Probe (Chrono Boost)  
  19  1:05  Assimilator  
  19  1:06  Pylon  
  19  1:12  Probe (Chrono Boost)  
  19  1:18  Probe  
  21  1:26  Cybernetics Core  
  21  1:30  Probe  
  21  1:31  Zealot  
  24  1:42  Probe  
  25  1:54  Probe  
  26  2:03  Adept (Chrono Boost), Stargate  
  26  2:06  Probe  
  29  2:12  Warp Gate  
  29  2:14  Pylon  
  29  2:18  Probe  
  32  2:48  Oracle  
  35  2:52  Nexus  
  35  2:57  Stalker  
  35  3:01  Probe  
  34  3:13  Probe  
  34  3:16  Twilight Council  
  35  3:25  Probe  
  36  3:29  Gateway  
  36  3:37  Probe  
  36  3:40  Pylon  
  37  3:49  Probe  
  37  3:53  Shield Battery  
  38  3:57  Blink (Chrono Boost)  
  38  4:00  Stalker  
  38  4:01  Probe  
  41  4:04  Probe  
  42  4:13  Probe  
  42  4:14  Probe  
  44  4:21  Probe  
  44  4:26  Probe  
  46  4:31  Probe, Stalker  
  46  4:38  Probe  
  50  4:43  Probe, Stalker  
  53  4:50  Probe  
  55  5:04  Stalker  
  56  5:11  Pylon  
  56  5:15  Nexus  
  56  5:20  Pylon  
  54  5:22  Stalker  
  54  5:27  Shield Battery, Stalker  
  57  5:33  Probe x2 (Chrono Boost)  
  58  5:40  Assimilator  
  58  5:41  Gateway  
  58  5:45  Probe x2 (Chrono Boost)  
  58  5:47  Stalker  
  62  5:51  Pylon  
  62  5:53  Probe x2 (Chrono Boost)  
  64  5:57  Stalker  
  64  5:59  Probe x2  
  68  6:09  Oracle  
  68  6:10  Forge  
  71  6:12  Probe (Chrono Boost)  
  71  6:13  Pylon  
  71  6:15  Probe (Chrono Boost)  
  73  6:23  Probe (Chrono Boost)  
  75  6:27  Probe (Chrono Boost)  
  75  6:29  Probe x2 (Chrono Boost)  
  75  6:30  Stalker  
  75  6:31  Stalker  
  81  6:36  Robotics Facility  
  81  6:38  Sentry  
  81  6:39  Probe (Chrono Boost)  
  86  6:40  Probe (Chrono Boost)  
  86  6:42  Protoss Ground Weapons Level 1 (Chrono Boost), Probe (Chrono Boost)  
  86  6:49  Photon Cannon  
  86  6:51  Probe  
  86  6:53  Charge, Probe x2  
  89  6:56  Gateway  
  89  7:01  Stalker x3  
  95  7:13  Nexus  
  95  7:15  Pylon  
  92  7:25  Probe  
  92  7:26  Probe x2  
  92  7:27  Observer  
  96  7:31  Gateway  
  96  7:33  Gateway  
  96  7:37  Probe  
  96  7:38  Probe x2  
  101  7:46  Gateway  
  101  7:47  Gateway  
  101  7:49  Gateway, Stalker x2  
  101  7:50  Probe x3  
  105  7:54  Pylon  
  105  7:55  Observer (Chrono Boost)  
  105  7:58  Stalker x2  
  107  8:02  Probe x2  
  107  8:03  Probe  
  108  8:09  Photon Cannon  
  108  8:13  Stalker x2  
  108  8:14  Probe  
  113  8:21  Stalker x2  
  113  8:23  Pylon  
  113  8:26  Photon Cannon  
  117  8:32  Zealot x2  
  121  8:36  Zealot x2, Pylon  
  125  8:43  Protoss Ground Weapons Level 2 (Chrono Boost)  
  125  8:45  Zealot x5  
  135  8:53  Warp Prism (Chrono Boost)  
  135  8:54  Zealot x2  
  135  8:55  Observer  
  139  9:01  Zealot x2  
  145  9:03  Probe  
  145  9:09  Pylon  
  146  9:22  Zealot x5  
  146  9:23  Observer  
  146  9:24  Probe x2  
  145  9:27  Zealot x4  
  145  9:28  Probe  
  139  9:31  Probe  
  139  9:36  Probe  
  141  9:43  Zealot x4  
  141  9:44  Zealot  
  151  9:47  Stalker x2  
  145  10:03  Stalker x3  
  145  10:04  Zealot x2, Stalker x2  
  145  10:05  Probe  
  145  10:06  Probe  
  144  10:08  Probe  
  144  10:11  Probe  
  126  10:14  Zealot x2  
  126  10:17  Probe  
  126  10:18  Warp Prism, Probe  
  118  10:25  Probe  
  118  10:27  Probe  
  118  10:28  Stalker, Assimilator x2  
  108  10:29  Stalker x6  
  108  10:31  Observer  
  120  10:37  Stalker x2  
  124  10:47  Probe  
  125  10:50  Probe  
  125  10:54  Zealot x7  
  138  11:06  Nexus  
  138  11:07  Stalker x2, Assimilator  
  138  11:09  Probe  
  138  11:10  Assimilator  
  143  11:12  Pylon  
  143  11:17  Robotics Facility  
  142  11:18  Observer (Chrono Boost)  
  142  11:20  Robotics Bay  
  142  11:22  Zealot x2  
  142  11:23  Zealot x4  
  154  11:28  Pylon  
  150  11:33  Protoss Ground Weapons Level 3 (Chrono Boost)  
  150  11:35  Stalker x3  
  156  11:41  Assimilator  
  156  11:43  Photon Cannon  
  156  11:46  Observer (Chrono Boost)  
  157  11:48  Shield Battery  
  157  11:50  Photon Cannon  
  157  11:52  Photon Cannon  
  157  11:53  Photon Cannon  
  157  11:55  Photon Cannon  
  157  11:56  Probe  
  157  11:57  Probe x2  
  157  12:00  Probe  
  159  12:05  Disruptor (Chrono Boost)  
  159  12:08  Disruptor (Chrono Boost), Gravitic Boosters, Probe  
  162  12:16  Assimilator  
  162  12:19  Photon Cannon  
  162  12:20  Assimilator  
  162  12:21  Shield Battery  
  162  12:22  Photon Cannon  
  162  12:23  Photon Cannon  
  162  12:25  Photon Cannon  
  162  12:27  Photon Cannon  
  162  12:38  Observer  
  162  12:42  Disruptor (Chrono Boost), Oracle (Chrono Boost)  
  162  12:43  Fleet Beacon  
  168  12:49  Disruptor (Chrono Boost), Observer  
  168  12:51  Zealot x2  
  175  12:59  Dark Shrine  
  175  13:01  Pylon  
  175  13:02  Pylon  
  175  13:03  Warp Prism (Chrono Boost), Stalker x3, Pylon  
  183  13:15  Disruptor  
  186  13:27  Stalker x2  
  186  13:31  Stalker  
  186  13:32  Disruptor  
  186  13:33  Nexus, Protoss Air Weapons Level 1 (Chrono Boost)  
  185  13:48  Stalker x2  
  185  13:49  Stalker x3  
  185  13:53  Disruptor (Chrono Boost)  
  191  14:07  Disruptor (Chrono Boost)  
  186  14:17  Stalker x7  
  197  14:44  Oracle  
  184  14:55  Stalker x8  
  184  14:56  Disruptor, Stalker  
  199  15:02  Shadow Stride (Chrono Boost)  
  198  15:15  Nexus  
  198  15:18  Stargate  
  198  15:19  Pylon  
  198  15:20  Stargate  
  198  15:21  Stargate, Pylon  
  198  15:22  Dark Templar  
  198  15:26  Protoss Shields Level 1 (Chrono Boost)  
  198  15:41  Protoss Air Weapons Level 2  
  194  15:51  Stalker x3  
  189  16:11  Dark Templar x5  
  176  16:21  Carrier  
  176  16:23  Carrier x3  
  199  16:29  Disruptor (Chrono Boost)  
  186  16:34  Stalker x4  
  186  16:38  Disruptor (Chrono Boost)  
  185  16:40  Unknown  
  185  16:51  Stalker x5  
  195  17:02  Stalker x2  
  175  17:10  Stalker x2  
  175  17:13  Nexus  
  175  17:14  Pylon  
  171  17:18  Stalker x5  
  173  17:22  Disruptor  
  173  17:23  Disruptor  
  179  17:32  Carrier x2  
  191  17:38  Probe  
  192  17:44  Probe  
  192  17:50  Stalker x5  
  190  18:00  Stalker x4  
  193  18:13  Stalker x3  
  199  18:26  Stalker  
  199  18:29  Shield Battery  
  199  18:32  Photon Cannon  
  199  18:33  Photon Cannon  
  199  18:35  Photon Cannon  
  199  18:40  Stalker x4  
  193  18:46  Observer (Chrono Boost)  
  191  18:57  Observer (Chrono Boost)  
  191  19:02  Observer (Chrono Boost)  
  184  19:19  Dark Templar x8  
  171  19:43  Disruptor  
  168  19:48  Stalker  
  168  19:52  Stalker x6  
  172  19:53  Nexus  
  170  20:01  Probe  
  171  20:13  Stalker x3  
  139  20:17  Stalker x4  
  129  20:31  Stalker x2  
  129  20:35  Disruptor (Chrono Boost)  
  122  20:39  Disruptor (Chrono Boost)  
  119  20:49  Stalker  
  120  20:50  Stalker x3  
  120  20:54  Dark Templar  
  122  21:16  Stalker x4  
  130  21:23  Probe  
  114  21:30  Stalker  
  114  21:31  Stalker x3  
  113  21:44  Disruptor (Chrono Boost)  
  113  21:46  Stalker x3  
  111  21:47  Observer (Chrono Boost)  
  111  21:53  Stalker  
  108  21:58  Stalker  
  110  22:09  Stalker x3  
  110  22:14  Stalker  
  114  22:19  Stalker  
  114  22:27  Stalker x2  
  118  22:42  Zealot x4  
  127  22:44  Probe  
  123  23:01  Stalker x3  
  125  23:12  Stalker  
  125  23:13  Stalker x2  
  125  23:18  Stalker  
  124  23:47  Stalker x5  
Show
View Real Time Build Order
Export as new Build Order

Gerald Protoss - Winner!

Build Orders: Oracle Opening 

Get SALT Encoding   

  12  0:00  Probe  
  13  0:12  Probe  
  14  0:17  Pylon  
  14  0:24  Probe (Chrono Boost)  
  16  0:37  Gateway, Probe (Chrono Boost)  
  16  0:42  Probe (Chrono Boost)  
  16  0:46  Assimilator  
  17  0:52  Probe  
  18  0:58  Assimilator  
  18  1:04  Probe (Chrono Boost)  
  19  1:13  Gateway  
  19  1:14  Probe (Chrono Boost)  
  20  1:19  Probe (Chrono Boost)  
  21  1:26  Cybernetics Core  
  21  1:30  Probe  
  22  1:37  Pylon  
  22  1:42  Probe  
  23  1:47  Pylon  
  23  1:55  Probe  
  24  2:03  Pylon  
  24  2:05  Stalker  
  24  2:07  Stalker  
  28  2:10  Warp Gate  
  28  2:14  Probe  
  29  2:23  Pylon  
  29  2:26  Pylon  
  29  2:27  Probe  
  29  2:35  Stargate  
  29  2:39  Probe  
  30  2:59  Nexus  
  29  3:09  Probe  
  28  3:16  Shield Battery  
  28  3:21  Probe  
  29  3:27  Oracle (Chrono Boost)  
  29  3:33  Probe  
  33  3:40  Pylon  
  33  3:45  Probe  
  34  3:58  Probe  
  34  3:59  Shield Battery  
  34  4:00  Phoenix  
  37  4:12  Stalker  
  37  4:13  Probe  
  37  4:15  Probe  
  41  4:25  Probe (Chrono Boost)  
  41  4:28  Probe (Chrono Boost)  
  43  4:37  Twilight Council, Oracle  
  46  4:41  Stalker  
  46  4:43  Probe x2  
  50  4:55  Probe x2  
  52  5:07  Probe x2  
  52  5:12  Blink (Chrono Boost)  
  54  5:19  Probe x2  
  56  5:21  Assimilator  
  56  5:23  Gateway  
  56  5:26  Stalker  
  58  5:31  Probe  
  58  5:34  Stalker  
  62  5:35  Probe  
  62  5:42  Pylon  
  62  5:50  Nexus  
  62  5:59  Dark Shrine, Pylon  
  62  6:00  Probe  
  63  6:06  Probe  
  63  6:08  Pylon  
  64  6:12  Stalker  
  64  6:13  Stalker  
  64  6:17  Forge  
  68  6:20  Probe  
  69  6:25  Probe  
  69  6:32  Probe  
  71  6:33  Shield Battery  
  71  6:37  Forge, Probe  
  72  6:44  Probe  
  73  6:50  Probe  
  73  6:51  Protoss Ground Weapons Level 1 (Chrono Boost)  
  73  6:53  Gateway  
  74  6:54  Stalker  
  74  6:55  Stalker  
  74  6:56  Probe  
  74  6:57  Pylon  
  79  7:02  Probe  
  79  7:03  Probe  
  79  7:04  Assimilator  
  81  7:09  Probe  
  81  7:10  Gateway  
  81  7:11  Stalker  
  81  7:14  Probe  
  85  7:23  Probe  
  85  7:24  Dark Templar x2  
  85  7:28  Probe x2  
  90  7:35  Probe  
  91  7:38  Gateway  
  91  7:40  Gateway  
  91  7:42  Dark Templar  
  93  7:47  Probe  
  91  7:52  Nexus  
  91  7:56  Probe  
  92  8:02  Probe  
  92  8:05  Probe  
  92  8:08  Stalker x4  
  92  8:10  Probe  
  92  8:11  Pylon  
  99  8:20  Probe  
  99  8:23  Probe  
  99  8:26  Probe  
  102  8:31  Shield Battery, Robotics Facility  
  102  8:33  Robotics Facility, Probe, Stalker x4  
  111  8:35  Probe  
  111  8:39  Probe  
  113  8:45  Probe, Gateway  
  113  8:47  Probe  
  113  8:48  Assimilator  
  115  8:49  Assimilator  
  115  8:51  Probe  
  115  8:54  Protoss Ground Weapons Level 2 (Chrono Boost)  
  116  8:57  Probe  
  116  8:58  Assimilator  
  116  9:00  Assimilator  
  117  9:04  Probe x2, Pylon  
  117  9:05  Probe  
  117  9:09  Probe  
  121  9:12  Stalker x3  
  121  9:16  Dark Templar x2, Probe x2  
  128  9:17  Probe  
  128  9:21  Dark Templar  
  128  9:24  Zealot  
  127  9:34  Shield Battery  
  127  9:35  Probe (Chrono Boost)  
  127  9:37  Shield Battery, Stalker x2  
  127  9:38  Archon, Pylon  
  132  9:39  Zealot, Probe (Chrono Boost)  
  132  9:41  Probe x2 (Chrono Boost)  
  132  9:44  Pylon  
  137  9:46  Observer (Chrono Boost), Archon  
  137  9:49  Probe (Chrono Boost)  
  137  9:51  Probe (Chrono Boost)  
  140  9:53  Robotics Bay  
  140  9:54  Stalker  
  140  9:58  Zealot x3  
  140  9:59  Observer (Chrono Boost)  
  141  10:04  Zealot  
  141  10:05  Zealot x2  
  137  10:12  Zealot  
  127  10:20  Stalker x4  
  112  10:25  Stalker  
  112  10:26  Zealot x2  
  108  10:33  Photon Cannon  
  112  10:35  Probe (Chrono Boost)  
  112  10:36  Shield Battery  
  112  10:38  Probe x3 (Chrono Boost)  
  112  10:40  Disruptor x2 (Chrono Boost)  
  118  10:43  Probe (Chrono Boost)  
  118  10:48  Probe  
  116  10:50  Stalker x2  
  116  10:51  Probe  
  116  10:55  Probe x2  
  123  11:01  Probe  
  123  11:03  Probe  
  125  11:07  Disruptor (Chrono Boost), Stalker x4  
  125  11:08  Disruptor (Chrono Boost)  
  136  11:11  Probe  
  136  11:12  Probe  
  136  11:16  Protoss Ground Weapons Level 3 (Chrono Boost), Assimilator  
  137  11:19  Observer  
  135  11:33  Disruptor (Chrono Boost)  
  135  11:34  Stalker  
  135  11:35  Disruptor (Chrono Boost), Stalker x3  
  135  11:38  Probe  
  150  11:40  Pylon  
  150  11:41  Probe  
  150  11:44  Photon Cannon  
  151  11:50  Stalker  
  151  11:51  Stalker  
  151  11:53  Pylon  
  155  11:58  Pylon  
  155  12:09  Observer, Pylon  
  155  12:10  Gravitic Boosters  
  155  12:11  Pylon, Probe, Fleet Beacon  
  155  12:14  Photon Cannon  
  156  12:16  Pylon  
  156  12:17  Protoss Air Armor Level 1 (Chrono Boost)  
  156  12:20  Pylon  
  156  12:21  Pylon  
  156  12:24  Probe  
  156  12:25  Pylon  
  156  12:26  Probe  
  158  12:33  Observer (Chrono Boost)  
  158  12:37  Observer (Chrono Boost)  
  158  12:39  Observer  
  158  12:41  Nexus  
  158  12:42  Dark Templar  
  158  12:43  Dark Templar x3, Pylon  
  165  12:49  Probe  
  166  12:52  Photon Cannon  
  166  12:55  Pylon  
  166  13:07  Stalker x4  
  174  13:13  Mothership  
  174  13:18  Archon  
  178  13:24  Photon Cannon  
  178  13:25  Photon Cannon  
  178  13:26  Shield Battery  
  174  13:28  Shield Battery  
  174  13:30  Photon Cannon, Stalker x3  
  174  13:32  Shield Battery  
  179  13:36  Stalker x2  
  179  13:40  Zealot x2  
  185  13:41  Zealot  
  185  13:43  Protoss Shields Level 1  
  185  13:51  Probe  
  173  14:02  Disruptor  
  173  14:07  Probe  
  174  14:10  Disruptor  
  174  14:16  Probe  
  170  14:17  Probe  
  170  14:20  Tempest  
  176  14:26  Stargate x2  
  176  14:27  Observer  
  176  14:28  Nexus  
  176  14:29  Stalker x8  
  189  14:38  Disruptor, Probe x2  
  191  14:41  Charge (Chrono Boost)  
  191  14:46  Observer  
  191  14:47  Probe  
  187  14:54  Probe  
  187  14:57  Stalker x4  
  193  15:03  Tempest  
  193  15:05  Probe  
  199  15:20  Nexus  
  199  15:22  Pylon  
  199  15:25  Nexus  
  199  15:27  Pylon  
  199  15:28  Assimilator  
  199  15:32  Assimilator  
  199  15:37  Protoss Air Weapons Level 1 (Chrono Boost)  
  176  15:45  Mothership  
  176  15:47  Stalker x4  
  192  15:50  Disruptor x2  
  181  16:15  Probe  
  181  16:17  Zealot x5  
  188  16:20  Stalker x3  
  188  16:25  Disruptor x2  
  188  16:35  Probe  
  189  16:40  Nexus  
  189  16:41  Tempest x2  
  189  16:42  Pylon  
  199  16:47  Pylon  
  199  16:49  Protoss Shields Level 2 (Chrono Boost), Assimilator  
  199  16:52  Assimilator  
  199  17:04  Disruptor  
  200  17:12  Dark Templar  
  200  17:31  Photon Cannon  
  200  17:33  Photon Cannon  
  200  17:35  Photon Cannon  
  200  17:36  Shield Battery  
  200  17:37  Shield Battery  
  200  17:39  Shield Battery  
  200  17:40  Dark Templar x3  
  200  17:41  Pylon  
  196  17:55  Probe  
  187  17:58  Nexus  
  187  18:00  Photon Cannon  
  187  18:01  Stalker x2  
  187  18:02  Photon Cannon  
  188  18:09  Probe  
  188  18:11  Pylon  
  189  18:13  Dark Templar  
  189  18:18  Oracle (Chrono Boost)  
  192  18:24  Tempest (Chrono Boost)  
  200  18:38  Oracle (Chrono Boost)  
  200  18:40  Dark Templar  
  194  19:15  Tempest  
  191  19:27  Tempest  
  191  19:28  Tempest  
  195  19:43  Dark Templar x2  
  199  19:47  Dark Templar  
  151  20:16  Disruptor x2  
  154  20:23  Photon Cannon  
  154  20:24  Dark Templar, Photon Cannon  
  154  20:25  Dark Templar x2  
  160  20:49  Nexus  
  160  20:50  Pylon  
  160  20:51  Disruptor  
  160  20:52  Disruptor  
  166  21:03  Stalker x2  
  170  21:10  Nexus, Pylon  
  142  21:36  Dark Templar x2  
  136  21:55  Tempest x2  
  154  22:03  Photon Cannon  
  154  22:04  Photon Cannon  
  154  22:05  Shield Battery  
  154  22:07  Shield Battery  
  153  22:09  Stalker x2, Pylon  
  153  22:11  Assimilator  
  153  22:15  Stalker  
  154  22:16  Assimilator  
  154  22:27  Disruptor  
  157  22:36  Zealot x5  
  167  22:46  Probe x2  
  169  22:55  Stalker x3  
  174  23:02  Zealot x2  
  178  23:07  Disruptor  
  178  23:08  Disruptor  
  178  23:11  Probe  
  178  23:12  Probe  
  186  23:23  Probe  
  181  23:29  Stalker x2  
  181  23:30  Stalker x3  
Tags
 
Add a new tag
Caveats
  • Supply blocks, unpowered buildings, or Contaminate may cause inaccurate times.
  • Supply counts are checked every 10 seconds.